 Dungeon Crawl Stone Soup version 0.30-a0-358-g0d69a1922f (webtiles) character file.

Game seed: 2319994008529363489

138 Bnni the Trooper (level 5, -4/47 HPs)
             Began as a Hill Orc Fighter on Nov 9, 2022.
             Slain by a gnoll
             ... wielding a +0 spear
             ... led by a gnoll bouda
              (5 damage)
             ... on level 2 of the Dungeon.
             The game lasted 00:02:22 (1249 turns).

Bnni the Trooper (Hill Orc Fighter)                 Turns: 1249, Time: 00:02:22

Health: -4/47      AC:  8    Str: 21    XL:     5   Next: 21%
Magic:  5/5        EV:  9    Int:  8    God:
Gold:   26         SH:  4    Dex: 10    Spells: 4/4 levels left

rFire   . . .      SeeInvis .    a - +0 trident
rCold   . . .      Faith    .    c - +0 buckler
rNeg    . . .      Spirit   .    b - +0 scale mail
rPois   .          Reflect  .    g - +0 helmet
rElec   .          Harm     .    (no cloak)
rCorr   .          Rampage  .    (no gloves)
Will    .....                    (no boots)
Stlth   ..........               (no amulet)
HPRegen 0.27/turn                (no ring)
MPRegen 0.09/turn                (no ring)

@: weakened
A: no striking features
a: no special abilities


You were on level 2 of the Dungeon.
You visited 1 branch of the dungeon, and saw 2 of its levels.

You collected 26 gold pieces.

Inventory:

Hand Weapons
 a - a +0 trident (weapon)
Missiles
 h - 5 poisoned darts (quivered)
Armour
 b - a +0 scale mail (worn)
 c - a +0 buckler (worn)
 g - a +0 helmet (worn)
Scrolls
 e - a scroll of identify {unknown}
 f - a scroll of blinking {unknown}
 i - a scroll of enchant armour {unknown}
Potions
 d - a potion of might


   Skills:
 + Level 4.6 Fighting
 * Level 4.3 Polearms
 - Level 3.2 Armour
 + Level 4.2 Shields


You had 4 spell levels left.
You didn't know any spells.
Your spell library was empty.

Dungeon Overview and Level Annotations

Branches:
Dungeon (2/15)

Altars:

Shops:
D:2 =


Message History

You block the gnoll's attack.
You closely miss the gnoll.
The gnoll is severely wounded.
The gnoll hits you with a +0 spear. You block the hobgoblin's attack.
The gnoll hits you from afar with a +0 halberd.
The gnoll hits you with a +0 spear.
You closely miss the gnoll.
The gnoll is severely wounded.
The hobgoblin hits you but does no damage.
The gnoll closely misses you. The gnoll hits you with a +0 spear.
You closely miss the gnoll.
The gnoll is severely wounded.
The hobgoblin hits you. You block the gnoll's attack.
The gnoll hits you with a +0 spear. The gnoll barely misses you.
The hobgoblin attacks as you move away!
The hobgoblin hits you but does no damage.
You block the gnoll's attack. The gnoll hits you but does no damage.
The gnoll attacks as you move away! The gnoll hits you with a +0 club.
The gnoll closely misses you. The gnoll attacks as you move away!
The gnoll hits you with a +0 spear! The gnoll attacks as you move away!
The gnoll closely misses you. The gnoll hits you but does no damage.
The gnoll hits you with a +0 halberd.
The gnoll hits you from afar with a +0 spear.
* * * LOW HITPOINT WARNING * * *
The hobgoblin attacks as you move away! You block the hobgoblin's attack.
The gnoll hits you from afar with a +0 halberd.
* * * LOW HITPOINT WARNING * * *
The gnoll hits you from afar with a +0 spear.
* * * LOW HITPOINT WARNING * * *
There is a stone staircase leading up here.
The gnoll is no longer moving quickly.
The gnoll hits you from afar with a +0 halberd.
* * * LOW HITPOINT WARNING * * *
The gnoll bouda gazes fiercely through you!
You feel your attacks grow feeble. The hobgoblin hits you.
* * * LOW HITPOINT WARNING * * *
The gnoll hits you from afar with a +0 spear.
You die...

g....#. ##..##.##
...###g .....
....J. .... .#
....g #... ...
....####..# #...
....##....#
#....##....J##.#
#....ggggg.@######
#.)###ggg........
#.#...#g#.#######
##..).g##.#
#..∩..#...
#.....#....
##...#......
####........
........#


You could see a gnoll bouda, 5 gnolls, an endoplasm, 3 hobgoblins and a goblin.

Vanquished Creatures
  Natasha (thrice) (D:1)
  Robin (D:2)
  A gnoll (D:1)
  2 dart slugs (D:1)
  3 bats (D:1)
  3 endoplasms
  A giant cockroach (D:1)
  11 goblins
  4 hobgoblins
  4 kobolds
  2 quokkas (D:1)
  2 ball pythons (D:1)
  A frilled lizard (D:1)
38 creatures vanquished.

Vanquished Creatures (others)
  2 plants (D:1)
2 creatures vanquished.

Grand Total: 40 creatures vanquished

Notes
Turn   | Place    | Note
-------+----------+-------------------------------------------
     0 | D:1      | Bnni the Hill Orc Fighter began the quest for the Orb.
     0 | D:1      | Reached XP level 1. HP: 19/19 MP: 1/1
    76 | D:1      | Reached XP level 2. HP: 27/27 MP: 2/2
   279 | D:1      | Reached XP level 3. HP: 27/33 MP: 3/3
   869 | D:2      | Noticed Natasha
   900 | D:1      | Killed Natasha
   901 | D:1      | Reached XP level 4. HP: 4/41 MP: 4/4
  1102 | D:1      | Noticed Natasha
  1106 | D:1      | Killed Natasha
  1183 | D:1      | Noticed Natasha
  1186 | D:1      | Killed Natasha
  1187 | D:1      | Reached XP level 5. HP: 40/47 MP: 5/5
  1202 | D:2      | Found Feockukk's One-of-a-Kind Rings.
  1214 | D:2      | Noticed Robin
  1227 | D:2      | Killed Robin
  1249 | D:2      | HP: 1/47 [hobgoblin[Robin] (2)]
  1249 | D:2      | Slain by a gnoll

Illustrated notes

Levels and vault maps discovered:
D:1:      lightli_arrival_statuegarden, layout_basic, grunt_decor_resistance,
          serial_bayou_crossing
D:2:      layout_rooms, basic_altar, nicolae_shop_unique_rings, uniq_robin,
          uniq_crazy_yiuf_cottage, uniq_natasha

Skill      XL: |  1  2  3  4 |
---------------+-------------+-----
Polearms       | 3 4 |  4.3
Fighting       | 4 |  4.6
Shields        | 4 |  4.2
Armour         | |  3.2

Action                   |  1- 3 |  4- 6 || total
-------------------------+-------+-------++-------
Melee: Trident           |   112 |    32 ||   144
Armor: Scale mail        |    54 |    21 ||    75
Dodge: Dodged            |    58 |    14 ||    72
Block: Buckler           |    23 |    10 ||    33

Table legend: (Time is in decaauts)
 A = Elapsed time spent in this place.
 B = Non-inter-level travel time spent in this place.
 C = Inter-level travel time spent in this place.
 D = Time resting spent in this place.
 E = Time spent auto-exploring this place.
 F = Levels seen in this place.
 G = Mean time per level.
                   A        B        C        D        E       F      G
               +--------+--------+--------+--------+--------+-----+--------+
         Total |   1309 |   1151 |    158 |    139 |    688 |   2 |  654.5 |
       Dungeon |   1309 |   1151 |    158 |    139 |    688 |   2 |  654.5 |
               +--------+--------+--------+--------+--------+-----+--------+

Top non-repeatable levels by time:
     D:1: 1249 daAuts
     D:2: 59 daAuts
